 Dungeon Crawl Stone Soup version 0.27-a0-1278-g6cbc8dfb29 (webtiles) character file.

Game seed: 13618212190972605614

4460 funkygono the Tainter (level 10, -6/67 HPs)
             Began as a Formicid Venom Mage on June 12, 2021.
             Mangled by a large slime creature (33 damage)
             ... on level 8 of the Dungeon on June 13, 2021.
             The game lasted 00:25:07 (9118 turns).

funkygono the Tainter (Formicid Venom Mage)         Turns: 9118, Time: 00:25:07

Health: -6/67      AC: 14    Str: 12    XL:     10   Next: 63%
Magic:  21/22      EV: 11    Int: 24    God:
Gold:   404        SH:  0    Dex: 14    Spells: 4/25 levels left

rFire    + . .     SeeInvis +   z - +5 flail (protect)
rCold    . . .     Faith    .   (no shield)
rNeg     . . .     Spirit   .   d - +3 ring mail
rPois    +         Reflect  .   (helmet unavailable)
rElec    .         Harm     .   C - +0 cloak
rCorr    .         Rampage  .   k - +1 pair of gloves
Will     ++...                  j - +0 pair of boots
Stlth    +.........             r - amulet of magic regeneration
HPRegen  0.21/turn              t - ring "Sozogud" {Fire rPois Will+ Int+2}
MPRegen  0.43/turn              A - ring of Evvady Liji {rC+ Int+3 Dex+3}

@: very slightly contaminated
A: permanent stasis, dig shafts and tunnels, antennae 3, four strong arms
a: Dig, Shaft Self


You were on level 8 of the Dungeon.
You visited 2 branches of the dungeon, and saw 9 of its levels.
You also visited: Ossuary.

You collected 404 gold pieces.

Inventory:

Hand Weapons
 b - a +1 club of draining
 o - a +0 mace of draining
 s - a +2 flail of protection
 z - a +5 flail of protection (weapon)
 D - a +2 quarterstaff of chaos
Missiles
 n - 155 stones
 q - 3 throwing nets
Armour
 a - a +0 robe
 d - a +3 ring mail (worn)
 j - a +0 pair of boots (worn)
 k - a +1 pair of gloves (worn)
 x - a +0 kite shield
 C - a +0 cloak (worn)
Jewellery
 r - an amulet of magic regeneration (around neck)
 t - the ring "Sozogud" (left hand) {Fire rPois Will+ Int+2}
   (You acquired it on level 4 of the Dungeon)

   [ring of fire]

   It enhances your fire magic.
   It affects your intelligence (+2).
   It protects you from fire.
   It makes you vulnerable to cold.
   It protects you from poison.
   It increases your willpower.
 y - a ring of protection from cold
 A - the ring of Evvady Liji (right hand) {rC+ Int+3 Dex+3}
   (You found it on level 5 of the Dungeon)

   [ring of protection from cold]

   It affects your intelligence (+3).
   It affects your dexterity (+3).
   It protects you from cold.
 E - a ring of poison resistance
Wands
 m - a wand of digging (5)
 v - a wand of iceblast (5)
 w - a wand of flame (24)
Scrolls
 h - a scroll of enchant armour
Potions
 c - 2 potions of heal wounds
 e - 2 potions of flight {unknown}
 f - 7 potions of curing
 g - a potion of mutation {unknown}
 i - 2 potions of brilliance {unknown}
 l - 5 potions of lignification
 p - a potion of degeneration {unknown}
 u - a potion of resistance {unknown}
 B - a potion of attraction {unknown}
 F - a potion of might {unknown}


   Skills:
 + Level 2.1 Fighting
 + Level 3.9 Maces & Flails
 * Level 6.1 Armour
 + Level 2.6 Dodging
 - Level 2.4 Stealth
 + Level 8.1 Spellcasting
 + Level 1.6 Conjurations
 + Level 1.2 Necromancy
 + Level 4.5 Transmutations
 * Level 5.2 Fire Magic
 + Level 9.6 Poison Magic


You had 4 spell levels left.
You knew the following spells:

 Your Spells              Type           Power      Damage    Failure   Level
a - Sting                 Tmut/Pois      100%       1d8       1%          1
b - Poisonous Vapours     Pois/Air       66%        N/A       2%          2
c - Mephitic Cloud        Conj/Pois/Air  28%        N/A       9%          3
d - Ignite Poison         Fire/Tmut/Pois 57%        N/A       2%          3
e - Olgreb's Toxic Radia  Pois           54%        N/A       2%          4
f - Magic Dart            Conj           68%        1d6       7%          1
g - Pain                  Necr           60%        1d7       8%          1
h - Foxfire               Conj/Fire      100%       2x1d9     3%          1
i - Fireball              Conj/Fire      19%        3d9       65%         5

Your spell library contained the following spells:

 Spells                   Type           Power      Damage    Failure   Level
 Animate Skeleton         Necr           30%        N/A       8%          1
 Conjure Flame            Conj/Fire      39%        6-21      10%         3
 Inner Flame              Hex/Fire       33%        N/A       14%         3
 Call Imp                 Summ           9%         N/A       21%         2
 Slow                     Hex            9%         N/A       21%         2
 Vampiric Draining        Necr           7%         2d7       24%         3
 Sticky Flame             Conj/Fire      39%        2d6       32%         4
 Animate Dead             Necr           7%         N/A       61%         4
 Agony                    Necr           15%        N/A       91%         5
 Blink                    Tloc           Unusable   N/A       N/A         2

Dungeon Overview and Level Annotations

Branches:
Dungeon (8/15)             Temple (1/1) D:5         Ossuary (visited)
   Lair: D:8-11

Altars:
Cheibriados
Dithmenos
Elyvilon
Hepliaklqana
Kikubaaqudgha
Makhleb
Nemelex Xobeh
Okawaru
Qazlal
Ru
Sif Muna
Uskayaw
Wu Jian
Xom
Yredelemnul
Zin
The Shining One

Shops:
D:3 [

Annotations:
D:6 1 runed translucent door, HoaS's ghost, novice GrGl


Innate Abilities, Weirdness & Mutations

You cannot be hasted, slowed, berserked, paralysed or teleported.
You can dig through walls and to a lower floor.
You have a pair of large antennae on your head. (SInv)
Your four strong arms can wield two-handed weapons with a shield.


Message History

A large slime creature splits.
The slime creature misses you. The slime creature barely misses you.
Two slime creatures merge to form a large slime creature.
Casting: Foxfire (safe; 3% risk of failure)
Confirm with . or Enter, or press ? or * to list all spells.
Aiming: Magic Dart (safe; 7% risk of failure)
Press: ? - help, Shift-Dir - straight line, f/p - large slime creature
Aim: a large slime creature (heavily wounded, 100% to hit)
The magic dart hits the large slime creature.
The large slime creature is heavily wounded.
Casting: Magic Dart (safe; 7% risk of failure)
Confirm with . or Enter, or press ? or * to list all spells.
Aiming: Magic Dart (safe; 7% risk of failure)
Press: ? - help, Shift-Dir - straight line, f/p - large slime creature
Aim: a large slime creature (heavily wounded, 100% to hit)
You miscast Magic Dart.
You are very lightly contaminated with residual magic.
Nothing appears to happen.
Casting: Magic Dart (safe; 7% risk of failure)
Confirm with . or Enter, or press ? or * to list all spells.
Aiming: Magic Dart (safe; 7% risk of failure)
Press: ? - help, Shift-Dir - straight line, f/p - large slime creature
Aim: a large slime creature (heavily wounded, 100% to hit)
You miscast Magic Dart.
Nothing appears to happen.
The large slime creature hits you!
* * * LOW HITPOINT WARNING * * *
Casting: Magic Dart (safe; 7% risk of failure)
Confirm with . or Enter, or press ? or * to list all spells.
Aiming: Magic Dart (safe; 7% risk of failure)
Press: ? - help, Shift-Dir - straight line, f/p - large slime creature
Aim: a large slime creature (heavily wounded, 100% to hit)
The magic dart hits the large slime creature.
The large slime creature is heavily wounded.
The large slime creature hits you but does no damage.
Unknown command.
You feel much better.
The large slime creature closely misses you.
The large slime creature hits you!!
You die...

#... ....#.## #...#########...
........
.........##.#..#.#.#.......#.
#.........#.#..#.#.#.##..# #.
#..#.#....#.#..#.#.#.##. # #. #
# #......#..#.#.#.## .# #. ...
#...#..#..#.#.#.##..# #.
#..###).)#..#..#.#.#.##..###.
#.....))....@................
##.#...).##.#J...............
#.#..##.##.##.##..#.##..###.
#.......##.##.##..#.##..# #.
PP...P..)P#..#.##..#.##..###.
...PPPĂ·P....#<................
P.P......................####.
...PPP...P...#..##..#.##.####.
PP####..P..#................


You could see a large slime creature.

Vanquished Creatures
  A komodo dragon (D:7)
  A slime creature (D:8)
  Sigmund (D:2)
  Eustachio (D:4)
  A steam dragon (D:7)
  A wyvern (D:7)
  2 water moccasins
  An ice beast (D:6)
  5 black bears
  5 ogres
  A phantom (D:4)
  A centaur (D:6)
  A kobold brigand (D:6)
  2 elf zombies (Ossuary)
  5 bullfrogs
  4 scorpions
  A water moccasin skeleton (D:6)
  6 killer bees (D:8)
  A howler monkey (D:5)
  2 centaur zombies
  A bullfrog zombie (D:5)
  2 jellies (D:4)
  2 hounds (D:5)
  A centaur skeleton (D:5)
  A gnoll shaman (D:8)
  2 orc priests (D:5)
  Crazy Yiuf (D:5)
  2 bullfrog skeletons
  Jessica (D:3)
  3 iguanas
  2 orc wizards
  A scorpion zombie (D:5)
  Ijyb (D:4)
  Terence (D:2)
  A killer bee zombie (D:7)
  A hound skeleton (D:4)
  2 mummies (Ossuary)
  A howler monkey zombie (D:8)
  Robin (D:2)
  8 gnolls
  2 howler monkey skeletons (D:7)
  An adder (D:4)
  2 white imps
  2 ufetubi
  An adder zombie (Ossuary)
  An adder skeleton (D:4)
  A worm (D:4)
  4 dart slugs
  20 orcs
  6 ball pythons
  5 endoplasms
  4 giant cockroaches
  10 hobgoblins
  2 jackals (D:4)
  9 kobolds
  4 quokkas
  5 bats
  2 frilled lizards
  17 goblins
  2 goblin zombies (Ossuary)
  8 hobgoblin zombies (Ossuary)
  A jackal zombie (Ossuary)
  13 kobold zombies (Ossuary)
  8 orc zombies (Ossuary)
  4 rats
  A rat zombie (Ossuary)
213 creatures vanquished.

Vanquished Creatures (others)
  67 foxfires
  8 fungi (D:8)
  4 toadstools (D:1)
  A withered plant (D:6)
80 creatures vanquished.

Grand Total: 293 creatures vanquished

Notes
Turn   | Place    | Note
-------+----------+-------------------------------------------
     0 | D:1      | funkygono the Formicid Venom Mage began the quest for the
                  | Orb.
     0 | D:1      | Reached XP level 1. HP: 13/13 MP: 3/3
   490 | D:1      | Reached XP level 2. HP: 19/19 MP: 3/5
   493 | D:1      | Learned a level 2 spell: Poisonous Vapours
  1073 | D:1      | Reached XP level 3. HP: 23/24 MP: 5/7
  1077 | D:1      | Learned a level 3 spell: Mephitic Cloud
  1794 | D:2      | Noticed Sigmund
  1843 | D:2      | Killed Sigmund
  1844 | D:2      | Reached skill level 1 in Armour
  1844 | D:2      | Reached skill level 5 in Poison Magic
  1844 | D:2      | Reached XP level 4. HP: 10/31 MP: 0/9
  1844 | D:2      | Reached XP level 5. HP: 11/36 MP: 0/10
  2051 | D:2      | Learned a level 3 spell: Ignite Poison
  2187 | D:2      | Reached XP level 6. HP: 42/42 MP: 9/11
  2319 | D:2      | Noticed Robin
  2338 | D:2      | Killed Robin
  2394 | D:2      | Noticed Terence
  2400 | D:2      | Killed Terence
  2520 | D:2      | Found a shimmering altar of Xom.
  2830 | D:2      | Found a faded altar of an unknown god.
  2950 | D:2      | Learned a level 4 spell: Olgreb's Toxic Radiance
  3020 | D:3      | Found a snail-covered altar of Cheibriados.
  3024 | D:3      | Noticed Jessica
  3030 | D:3      | Killed Jessica
  3110 | D:3      | Found Baapoytinu's Armour Shoppe.
  3218 | D:3      | Noticed a +0 hand axe
  3218 | D:3      | Noticed a +0 dagger
  3224 | D:3      | Found a hide-covered altar of Uskayaw.
  3821 | D:3      | Found a shadowy altar of Dithmenos.
  3945 | D:4      | Reached skill level 1 in Maces & Flails
  3955 | D:4      | Reached XP level 7. HP: 22/47 MP: 13/13
  4056 | D:4      | Reached skill level 1 in Fire Magic
  4296 | D:4      | Reached skill level 1 in Fighting
  4353 | D:4      | Found a sand-covered staircase.
  4359 | Ossuary  | Entered an ossuary
  4779 | Ossuary  | Reached skill level 6 in Poison Magic
  4798 | Ossuary  | Reached skill level 5 in Spellcasting
  4798 | Ossuary  | Reached XP level 8. HP: 24/54 MP: 15/15
  5310 | D:4      | Noticed Eustachio
  5319 | D:4      | Killed Eustachio
  5384 | D:4      | Noticed Ijyb
  5391 | D:4      | Killed Ijyb
  5702 | D:4      | Found a sparkling altar of Nemelex Xobeh.
  5827 | D:4      | Identified a scroll of acquirement
  5827 | D:4      | Acquired the ring "Sozogud" {Fire rPois Will+ Int+2}
  5832 | D:4      | Learned a level 1 spell: Magic Dart
  5834 | D:4      | Learned a level 1 spell: Pain
  5855 | D:5      | Entered Level 5 of the Dungeon
  5991 | D:5      | Found a staircase to the Ecumenical Temple.
  6050 | Temple   | Entered the Ecumenical Temple
  6339 | D:5      | Reached skill level 7 in Poison Magic
  6419 | D:5      | Reached XP level 9. HP: 57/61 MP: 15/17
  6753 | D:5      | Identified the ring of Evvady Liji {rC+ Int+3 Dex+3}
  6811 | D:5      | Found a burning altar of Makhleb.
  6856 | D:5      | Found a runed translucent door.
  6857 | D:5      | Noticed Crazy Yiuf
  6862 | D:5      | Killed Crazy Yiuf
  7126 | D:6      | Found a basalt altar of Yredelemnul.
  7149 | D:6      | Reached skill level 8 in Poison Magic
  7292 | D:6      | Found a runed translucent door.
  7395 | D:6      | Noticed HoaS's ghost (novice GrGl)
  7454 | D:6      | Reached skill level 1 in Necromancy
  7846 | D:6      | Found a glowing golden altar of the Shining One.
  7986 | D:6      | Learned a level 1 spell: Foxfire
  7992 | D:6      | Learned a level 5 spell: Fireball
  8211 | D:7      | Reached skill level 5 in Armour
  8211 | D:7      | Reached XP level 10. HP: 67/67 MP: 10/20
  8220 | D:7      | Reached skill level 9 in Poison Magic
  8336 | D:7      | Reached skill level 1 in Conjurations
  8508 | D:7      | Noticed a komodo dragon
  8511 | D:7      | Killed a komodo dragon
  8882 | D:8      | Reached skill level 5 in Fire Magic
  9058 | D:8      | HP: 1/67 [large slime creature (13)]
  9118 | D:8      | Mangled by a large slime creature

Illustrated notes

Levels and vault maps discovered:
D:1:      ldierk_water_garden, layout_basic, dk_noncrumbling_4
D:2:      layout_basic, basic_altar, hellmonk_ecumenical_altar_slurped_away,
          uniq_sigmund, uniq_robin, uniq_terence
D:3:      layout_basic, overflow_temple_1_default, amcnicky_altar_gilded,
          dancing_weapons_uskayaw, serial_shops, shop, uniq_jessica
D:4:      layout_rooms, nemelex_diamond_rough_becter,
          nicolae_ossuary_entry_plus, skrybe_limestone_x, uniq_ijyb,
          uniq_eustachio
D:5:      layout_cave_pools, makhleb_heckhound_becter,
          minmay_temple_entry_proselytizer, uniq_crazy_yiuf_cottage
D:6:      layout_basic, kennysheep_mini, yredelemnul_altar_generic,
          ebering_ghost_sewer_d
D:7:      layout_cave_pools, grunt_ministairs_13
D:8:      layout_basic, nicolae_overflow_hidden_temple,
          grunt_lair_entry_orc_guard_hut, lemuel_another_geyser, uniq_erica
Temple:   jpeg_temple_island

Skill      XL: |  1  2  3  4  5  6  7  8  9 10 |
---------------+-------------------------------+-----
Armour         | 1 2 3 5 6 |  6.1
Spellcasting   | 3 4 5 7 8 |  8.1
Transmutations | 2 3 4 |  4.5
Poison Magic   | 5 6 7 8 9 |  9.6
Dodging        | 2 |  2.6
Maces & Flails | 1 2 3 |  3.9
Fire Magic     | 1 3 5 |  5.2
Fighting       | 1 2 |  2.1
Necromancy     | 1 |  1.2
Conjurations   | 1 |  1.6
Stealth        | |  2.4

Action                   |  1- 3 |  4- 6 |  7- 9 | 10-12 || total
-------------------------+-------+-------+-------+-------++-------
Melee: Club              |    15 |    21 |       |       ||    36
       Flail             |       |    27 |   301 |     6 ||   334
       Mace              |       |    17 |       |       ||    17
 Cast: Sting             |    40 |    63 |    71 |     6 ||   180
       Poisonous Vapours |       |     1 |     1 |       ||     2
       Magic Dart        |       |       |    30 |     2 ||    32
       Ignite Poison     |       |       |    24 |    14 ||    38
       Olgreb's Toxic Ra |       |       |    14 |    15 ||    29
       Foxfire           |       |       |     8 |    31 ||    39
       Pain              |       |       |     3 |       ||     3
  Use: Scroll            |     3 |     5 |     6 |       ||    14
       Potion            |     1 |       |       |     3 ||     4
 Stab: Sleeping          |       |     1 |     1 |       ||     2
Armor: Ring mail         |     6 |    58 |   258 |     9 ||   331
Dodge: Dodged            |    14 |    50 |   242 |     7 ||   313

Table legend: (Time is in decaauts)
 A = Elapsed time spent in this place.
 B = Non-inter-level travel time spent in this place.
 C = Inter-level travel time spent in this place.
 D = Time resting spent in this place.
 E = Time spent auto-exploring this place.
 F = Levels seen in this place.
 G = Mean time per level.
                   A        B        C        D        E       F      G
               +--------+--------+--------+--------+--------+-----+--------+
         Total |   9279 |   9026 |    253 |    915 |   6010 |  10 |  927.9 |
       Dungeon |   8200 |   7958 |    242 |    669 |   5742 |   8 | 1025.0 |
        Temple |    228 |    217 |     11 |      0 |    209 |   1 |  228.0 |
       Ossuary |    849 |    849 |      0 |    246 |     58 |   1 |  849.0 |
               +--------+--------+--------+--------+--------+-----+--------+

Top non-repeatable levels by time:
     D:1: 1687 daAuts
     D:2: 1283 daAuts
     D:4: 1154 daAuts
     D:6: 1100 daAuts
     D:5: 1017 daAuts
     D:3: 981 daAuts
 Ossuary: 849 daAuts
     D:7: 615 daAuts
     D:8: 360 daAuts
  Temple: 228 daAuts
